 Dungeon Crawl Stone Soup version 0.18.1-50-g88ac8fd (webtiles) character file.

157 nikopol the Chopper (level 5, -2/47 HPs)
             Began as a Hill Orc Berserker on Oct 16, 2016.
             Was a Believer of Trog.
             Slain by an orc
             ... wielding a +0 trident
              (9 damage)
             ... on level 3 of the Dungeon.
             The game lasted 00:05:26 (2003 turns).

nikopol the Chopper (Hill Orc Berserker)            Turns: 2003, Time: 00:05:27

Health: -2/47      AC:  5    Str: 21    XL:     5   Next: 38%
Magic:  5/5        EV: 11    Int:  7    God:    Trog [**....]
Gold:   104        SH:  0    Dex: 10    Spells: 0 memorised, 4 levels left

rFire  . . .     SeeInvis .     a - +1 hand axe
rCold  . . .     Gourm    .     d - +0 ring mail
rNeg   . . .     Faith    .     (no shield)
rPois  .         Spirit   .     (no helmet)
rElec  .         Dismiss  .     (no cloak)
rCorr  .         Reflect  .     (no gloves)
SustAt .         Harm     .     (no boots)
MR     .....                    (no amulet)
Stlth  ..........               (no ring)
                                (no ring)

@: slowed, very slow, not resistant to hostile enchantments, extremely
unstealthy
A: no striking features
a: Berserk, Trog's Hand, Burn Spellbooks, Renounce Religion


You were on level 3 of the Dungeon.
You worshipped Trog.
Trog was pleased with you.
You were not hungry.

You visited 1 branch of the dungeon, and saw 3 of its levels.

You collected 104 gold pieces.

Inventory:

Hand Weapons
 a - a +1 hand axe (weapon)
Armour
 b - a +0 animal skin
 d - a +0 ring mail (worn)
Scrolls
 e - a scroll of random uselessness
 f - a scroll of identify
 i - a scroll of remove curse
 k - a scroll of fear
Potions
 g - a potion of brilliance {unknown}
 j - 2 potions of curing
 l - a potion of might {unknown}
 n - a potion of ambrosia {unknown}
Comestibles
 c - 7 bread rations
 h - a slice of pizza
 o - a meat ration


   Skills:
 + Level 4.8 Fighting
 + Level 5.2 Axes
 + Level 3.4 Armour
 + Level 2.5 Dodging


You had 4 spell levels left.
You didn't know any spells.

Dungeon Overview and Level Annotations

Branches:
Dungeon (3/15)

Altars:


Message History

The orc wizard hits you but does no damage.
You closely miss the orc wizard. You miss something.
The orc wizard casts a spell at you. The magic dart hits you!
Something hits you. Something hits you but does no damage.
You bump into the rock wall.
Something hits you but does no damage. The orc closely misses you.
You feel less confused.
The orc hits you from afar with a trident.
Something barely misses you.
You closely miss something. The orc barely misses you.
Something hits you but does no damage.
You barely miss something.
The orc hits you from afar with a trident.
* * * LOW HITPOINT WARNING * * *
Something completely misses you. The orc barely misses you. Something hits you.
* * * LOW HITPOINT WARNING * * *
You hit something. Something hits you but does no damage.
The orc hits you from afar with a trident!
You die...

#.##.......######## #.
..................# #.
#.#..^#(#########.# #.
.#..##)#########.###.
.?..>.................
#.#..##.##.#.......##.
#.. #.##.#.......##.
###.#..##.##.#..........
.......@.....#.......##.
###.#..##o##.#.......##.
#........#.......##.
#....?...........###
#..##.####..? #.. #.#
... #.. #.# .. #.. ...
... ...


You could see an orc.

Vanquished Creatures
  An orc priest (D:3)
  Natasha (twice) (D:2)
  3 adders
  An ooze (D:1)
  2 giant geckos
  3 giant cockroaches (D:2)
  4 goblins
  7 hobgoblins
  8 kobolds
  2 quokkas (D:3)
  7 bats
  3 giant newts
  6 rats
49 creatures vanquished.

Notes
Turn   | Place    | Note
--------------------------------------------------------------
     0 | D:1      | nikopol the Hill Orc Berserker began the quest for the Orb.
     0 | D:1      | Reached XP level 1. HP: 19/19 MP: 1/1
   145 | D:1      | Reached XP level 2. HP: 25/27 MP: 2/2
   539 | D:2      | Noticed Natasha
   542 | D:2      | Noticed a crimson imp
   545 | D:2      | Killed Natasha
   545 | D:2      | Reached XP level 3. HP: 18/33 MP: 3/3
   964 | D:2      | Reached ** piety under Trog
   964 | D:2      | Reached XP level 4. HP: 22/41 MP: 4/4
  1394 | D:2      | Noticed Natasha
  1405 | D:2      | Killed Natasha
  1727 | D:3      | Reached skill level 5 in Axes
  1727 | D:3      | Reached XP level 5. HP: 40/47 MP: 5/5
  2003 | D:3      | Slain by an orc

Skill      XL: |  1  2  3  4 |
---------------+-------------+-----
Fighting       | 4 |  4.8
Dodging        | 2 |  2.5
Armour         | 3 |  3.4
Axes           | 5 |  5.2

Action                   |  1- 3 |  4- 6 || total
-------------------------+-------+-------++-------
Melee: Hand axe          |    96 |    74 ||   170
  Use: Scroll            |       |     9 ||     9
  Eat: Chunk             |       |     4 ||     4
Armor: Ring mail         |    33 |    57 ||    90
Dodge: Dodged            |    67 |    75 ||   142
